 Dungeon Crawl Stone Soup version 0.31-a0-145-g046c7d2549 (webtiles) character file.

Game seed: 11548286007773193042

63774 Majang the Thaumaturge (level 14, -4/82 HPs)
             Began as a Vampire Earth Elementalist on June 2, 2023.
             Was the Champion of Cheibriados.
             Slain by a tarantella (13 damage)
             ... on level 1 of the Spider Nest on June 5, 2023.
             The game lasted 02:37:04 (22254 turns).

Majang the Thaumaturge (VpEE)                      Turns: 22254, Time: 02:37:04

Health: -4/82      AC: 12    Str: 22    XL:     14   Next: 69%
Magic:  26/29      EV: 22    Int: 43    God:    Cheibriados [******]
Gold:   121        SH:  0    Dex: 30    Spells: 3/35 levels left

rFire   . . .        e - staff of earth
rCold   + + .        (no shield)
rNeg    + + +        r - +4 steam dragon scales
rPois   ∞            N - +0 helmet {SInv}
rElec   .            w - +0 cloak
rCorr   +            (no gloves)
SInv    +            n - +0 pair of boots
Will    +....        L - amulet of magic regeneration
Stlth   ++++++       M - +6 ring of intelligence
HPRegen 0.00/turn    E - ring of resist corrosion
MPRegen 0.61/turn

%: no passive effects
@: bloodless, inhibited regen, very slow
A: bloodless, fangs 3, see invisible, vampiric 2
a: Bat Form, Revivify, Renounce Religion, Bend Time, Temporal Distortion,
Slouch, Step From Time


You were on level 1 of the Spider Nest.
You worshipped Cheibriados.
Cheibriados was exalted by your worship.
You visited 5 branches of the dungeon, and saw 21 of its levels.
You also visited: Sewer.

You collected 1670 gold pieces.
You spent 1549 gold pieces at shops.

Inventory:

Armour
 n - a +0 pair of boots (worn)
 q - a +2 robe of cold resistance
 r - +4 steam dragon scales (worn)
 w - a +0 cloak (worn)
 B - a +0 robe of the Archmagi
 C - a +2 buckler
 N - a +0 helmet of see invisible (worn)
Magical Staves
 e - a staff of earth (weapon)
Jewellery
 l - a ring of flight
 p - a ring of positive energy
 E - a ring of resist corrosion (right hand)
 F - a ring of protection from cold
 L - an amulet of magic regeneration (around neck)
 M - a +6 ring of intelligence (left hand)
Wands
 a - a wand of acid (1)
 d - a wand of paralysis (17)
 j - a wand of polymorph (13)
 D - a wand of mindburst (3)
 H - a wand of iceblast (7)
Scrolls
 b - a scroll of amnesia
 h - 4 scrolls of teleportation
 m - 4 scrolls of identify
 u - a scroll of fear
 v - 3 scrolls of fog
 y - 5 scrolls of immolation
 G - a scroll of butterflies
Potions
 c - 6 potions of curing
 f - 5 potions of might
 i - 3 potions of cancellation
 k - 4 potions of mutation
 s - 2 potions of invisibility
 t - 2 potions of brilliance
 x - a potion of resistance
 A - 2 potions of heal wounds
 J - a potion of lignification
Miscellaneous
 g - a tin of tremorstones (inert)
 z - a phial of floods
 K - a sack of spiders (inert)


   Skills:
 + Level 7.2 Fighting
 + Level 6.7 Staves
 + Level 9.0 Dodging
 - Level 7.0 Stealth
 * Level 11.4 Spellcasting
 - Level 6.1 Conjurations
 + Level 8.6 Necromancy
 + Level 8.8 Transmutations
 + Level 9.6 Earth Magic
 + Level 7.2 Invocations
 + Level 4.1 Evocations


You had 3 spell levels left.
You knew the following spells:

 Your Spells              Type           Power      Damage    Failure   Level
a - Sandblast             Erth           100%       2d20      1%          1
b - Stone Arrow           Conj/Erth      100%       3d13      1%          3
c - Borgnjor's Vile Clut  Necr/Erth      50%        N/A       1%          5
d - Petrify               Tmut/Erth      100%       N/A       1%          4
l - Lee's Rapid Deconstr  Erth           51%        3d24*     1%          5
p - Animate Armour        Summ/Erth      100%       N/A       1%          4
t - Agony                 Necr           78%        N/A       1%          5
v - Vampiric Draining     Necr           78%        2d11      1%          3
w - Passwall              Tmut/Erth      85%        N/A       1%          2

Your spell library contained the following spells:

 Spells                   Type           Power      Damage    Failure   Level
 Freeze                   Ice            96%        1d10      1%          1
 Magic Dart               Conj           100%       1d8       1%          1
 Necrotise                Necr           100%       1d9       1%          1
 Summon Small Mammal      Summ           96%        N/A       1%          1
 Ensorcelled Hibernation  Hex/Ice        48%        N/A       1%          2
 Searing Ray              Conj           100%       2d8       1%          2
 Hailstorm                Conj/Ice       50%        3d11      1%          3
 Call Canine Familiar     Summ           24%        N/A       3%          3
 Frozen Ramparts          Ice            48%        1d8       3%          3
 Ozocubu's Armour         Ice            24%        N/A       3%          3
 Summon Guardian Golem    Hex/Summ       24%        N/A       3%          3
 Vhi's Electric Charge    Tloc/Air       48%        N/A       3%          3
 Volatile Blastmotes      Fire/Tloc      48%        2d14      3%          3
 Anguish                  Hex/Necr       29%        N/A       1%          4
 Animate Dead             Necr           78%        N/A       1%          4
 Fulminant Prism          Conj/Hex       25%        3d14      3%          4
 Iskenderun's Mystic Bla  Conj/Tloc      50%        2d11      3%          4
 Death Channel            Necr           39%        N/A       5%          6
 Arcjolt                  Conj/Air       25%        1d35      10%         5
 Cause Fear               Hex            12%        N/A       12%         4
 Summon Ice Beast         Ice/Summ       24%        N/A       12%         4
 Eringya's Noxious Bog    Tmut/Pois      29%        N/A       30%         6
 Metabolic Englaciation   Hex/Ice        12%        N/A       34%         5
 Summon Forest            Summ/Tloc      12%        N/A       34%         5
 Plasma Beam              Fire/Air       12%        2x1d23    88%         6
 Lehudib's Crystal Spear  Conj/Erth      47%        10d11     97%         8
 Enfeeble                 Hex            12%        N/A       100%        7
 Summon Hydra             Summ           12%        N/A       100%        7


Dungeon Overview and Level Annotations

Branches:
Dungeon (12/15)            Temple (1/1) D:7            Lair (5/5) D:8
  Swamp (0/4) Lair:3       Spider (1/4) Lair:3        Slime (0/5) Lair:5
    Orc (2/2) D:11            Elf (0/3) Orc:2         Sewer (visited)

Altars:
Ashenzari
Cheibriados
Dithmenos
Fedhas
Gozag
Hepliaklqana
Kikubaaqudgha
Makhleb
Nemelex Xobeh
Okawaru
Qazlal
Ru
Sif Muna
Trog
Uskayaw
Vehumet
Wu Jian
Xom
Yredelemnul

Shops:
D:10 ?   Orc:2 [((=

Annotations:
D:9 2 transporters, Mercurial's ghost, novice GrGl


Innate Abilities, Weirdness & Mutations

You do not regenerate when monsters are visible.
You are frail without blood (-20% HP).
You can heal yourself when you bite living creatures.
You are immune to poison.
You have razor-sharp teeth.
You have supernaturally acute eyesight. (SInv)
You are afflicted with vampirism and can become a bat while bloodless.


Message History

Aiming: Borgnjor's Vile Clutch (dangerous; 1% risk of failure)
Press: ? - help, Shift-Dir - straight line, f - demonic crawler
Aim: a demonic crawler (severely wounded, ally target, 100% to hit)
You feel a surge of power!
Zombie hands grab the demonic crawler.
Your culicivora is unaffected.
Your butterfly is unaffected. x2
The zombie hands constrict the demonic crawler!
The culicivora completely misses you. The tarantella misses your butterfly.
The tarantella touches your butterfly.
Your butterfly dies!
Your butterfly disappears in a burst of colours!
The demonic crawler closely misses you.
The demonic crawler hits you but does no damage.
The demonic crawler barely misses you.
Your scorpion stings the jumping spider.
Your culicivora bites the demonic crawler!
The tarantella completely misses you. The culicivora bites you!!
* * * LOW HITPOINT WARNING * * *
The jumping spider closely misses your butterfly.
The jumping spider bites your butterfly.
Your butterfly dies!
Your butterfly disappears in a burst of colours!
The tarantella completely misses your butterfly.
The demonic crawler completely misses you.
The demonic crawler barely misses you.
The demonic crawler hits you but does no damage.
The tarantella touches your butterfly.
Your butterfly dies!
Your butterfly disappears in a burst of colours!
You swap places.
The zombie hands constrict the demonic crawler!
You kill the demonic crawler!
Cheibriados appreciates the change of pace.
Your scorpion closely misses the jumping spider.
The tarantella touches your butterfly!
Your butterfly dies!
Your butterfly disappears in a burst of colours!
The orb spider weaves a glowing orb of energy.
The tarantella touches you!
You die...

........ ##...### ..
.......###......## ...
.......##.....b..##..#.
............bbb..†#s.^.
............bbbbb.*.....
......##..b..b....####..
†.....#....bs.sb.b##
....##......bbbs...####.
...# #^<....s.ss@.).....
### #.†......sb.bb.....
#.#####.b...s...... #.##
##....b...##. ...
....b....## ...#
........b## .....
........#.# .....
........#.# ....


You could see an orb spider, a culicivora (ally target), a jumping spider, 4
tarantellas, a friendly culicivora (summoned) and a friendly scorpion
(summoned).

Vanquished Creatures
  Rupert (D:12)
  Jorgrun (D:12)
  Asterion (Spider:1)
  Kirke (D:12)
  A ghost moth (Spider:1)
  An orc warlord (Orc:2)
  Nessos (D:12)
  Snorg (D:10)
  Josephine (D:12)
  An ettin (Orc:2)
  Erolcha (D:9)
  Harold (D:9)
  A merfolk avatar (Lair:5)
  2 hydras
  A catoblepas (Lair:3)
  2 boulder beetles
  3 two-headed ogres
  A demonic crawler (Spider:1)
  3 skysharks (Lair:5)
  2 harpies (Lair:5)
  A deep elf pyromancer (D:12)
  A steelbarb worm (Spider:1)
  A wolf spider (Spider:1)
  2 orc sorcerers (Orc:2)
  2 orc knights
  A manticore (D:11)
  Maurice (D:12)
  2 black mambas
  A torpor snail (Lair:3)
  A gargoyle (D:11)
  7 elephants
  7 cane toads
  11 komodo dragons
  A kobold demonologist (D:10)
  An unseen horror (D:11)
  6 rime drakes
  23 blink frogs
  4 trolls
  A polar bear (Lair:5)
  A wind drake (Lair:5)
  4 slime creatures (D:12)
  10 dream sheep
  A culicivora (Spider:1)
  6 wyverns
  4 hogs (D:12)
  4 wraiths (D:12)
  2 shadows
  2 basilisks
  51 yaks
  2 steam dragons (D:8)
  A redback (Lair:3)
  6 wargs
  4 vampire mosquitoes (D:12)
  20 water moccasins
  6 black bears
  31 orc warriors
  An ice beast (D:5)
  2 sky beasts
  16 wolves
  7 ogres
  A centaur (D:10)
  2 phantoms
  A kobold brigand (D:5)
  11 bullfrogs
  4 scorpions
  5 wights (D:8)
  9 killer bees
  4 howler monkeys
  6 hounds
  18 orc priests
  28 orc wizards
  A sleepcap (D:8)
  4 iguanas
  11 adders
  8 river rats
  A shadow imp (D:5)
  7 white imps
  A worm (D:5)
  85 orcs
  12 ball pythons
  6 endoplasms
  4 giant cockroaches
  11 goblins
  7 hobgoblins
  5 jackals
  8 quokkas
  2 bats
  2 frilled lizards
  20 kobolds
  28 rats
594 creatures vanquished.

Vanquished Creatures (collateral kills)
  A tarantella (Spider:1)
  2 orc warriors (Orc:2)
  3 orc priests (Orc:2)
  An orc wizard (Orc:2)
  An orc (Orc:2)
8 creatures vanquished.

Vanquished Creatures (others)
  A human (D:10)
1 creature vanquished.

Grand Total: 603 creatures vanquished

Notes
Turn   | Place    | Note
-------+----------+-------------------------------------------
     0 | D:1      | Majang the Vampire Earth Elementalist began the quest for
                  | the Orb.
     0 | D:1      | Reached XP level 1. HP: 13/13 MP: 3/3
   219 | D:1      | Reached XP level 2. HP: 19/19 MP: 0/5
   914 | D:2      | Gained mutation: You are afflicted with vampirism and can
                  | become a bat while bloodless. [Vampire growth]
   914 | D:2      | Reached XP level 3. HP: 24/24 MP: 2/7
   915 | D:2      | Reached skill level 3 in Spellcasting
   994 | D:2      | Got Iceripue's Annotations on Firn
  1267 | D:2      | Identified the +0 scale mail of Gaiwic {Rampage}
  1302 | D:2      | Found a faded altar of an unknown god.
  1536 | D:3      | Found a snail-covered altar of Cheibriados.
  1536 | D:3      | Found an iron altar of Okawaru.
  1545 | D:3      | Became a worshipper of Cheibriados the Contemplative
  1564 | D:3      | Reached XP level 4. HP: 30/30 MP: 7/9
  1728 | D:3      | Learned a level 3 spell: Stone Arrow
  1731 | D:3      | Found a glowing drain.
  1736 | Sewer    | Entered a sewer
  1742 | Sewer    | Learned a level 2 spell: Passwall
  1747 | Sewer    | Learned a level 4 spell: Petrify
  1941 | Sewer    | Reached * piety under Cheibriados
  2065 | Sewer    | Reached skill level 4 in Spellcasting
  2065 | Sewer    | Reached XP level 5. HP: 35/35 MP: 7/11
  2154 | Sewer    | Reached skill level 1 in Conjurations
  2491 | Sewer    | Reached ** piety under Cheibriados
  2841 | D:3      | Reached XP level 6. HP: 40/41 MP: 0/12
  3263 | D:4      | Identified a scroll of acquirement
  3263 | D:4      | Acquired a staff of earth
  3593 | D:4      | Reached *** piety under Cheibriados
  3735 | D:4      | Reached skill level 5 in Spellcasting
  4009 | D:5      | Entered Level 5 of the Dungeon
  4011 | D:5      | Reached XP level 7. HP: 46/46 MP: 12/14
  4034 | D:5      | Reached skill level 5 in Earth Magic
  4217 | D:5      | You fall into a shaft and drop 3 floors!
  4318 | D:7      | Found a staircase to the Ecumenical Temple.
  4381 | D:6      | Reached skill level 6 in Spellcasting
  4403 | D:6      | Reached XP level 8. HP: 52/52 MP: 15/17
  4444 | D:5      | Reached **** piety under Cheibriados
  4453 | D:5      | Learned a level 3 spell: Vampiric Draining
  4663 | D:5      | Paralysed by a kobold brigand for 2 turns
  4671 | D:5      | Reached skill level 1 in Necromancy
  4708 | D:5      | Reached skill level 1 in Fighting
  4708 | D:5      | Reached skill level 1 in Staves
  4708 | D:5      | Reached skill level 1 in Invocations
  5203 | D:5      | Upgraded the game from 0.31-a0-142-g31f6795574 to
                  | 0.31-a0-145-g046c7d2549
  5622 | D:6      | Reached XP level 9. HP: 61/61 MP: 15/18
  6191 | D:6      | Reached ***** piety under Cheibriados
  6803 | Temple   | Entered the Ecumenical Temple
  7069 | D:8      | Reached skill level 5 in Conjurations
  7119 | D:8      | Noticed a two-headed ogre
  7122 | D:8      | Killed a two-headed ogre
  7251 | D:8      | Reached XP level 10. HP: 25/70 MP: 12/20
  7626 | D:8      | Found a staircase to the Lair.
  7652 | D:7      | Reached skill level 7 in Spellcasting
  7751 | D:8      | Learned a level 5 spell: Borgnjor's Vile Clutch
  8256 | D:9      | Noticed a two-headed ogre
  8272 | D:9      | Killed a two-headed ogre
  8273 | D:9      | Reached skill level 5 in Dodging
  8552 | D:9      | Noticed Erolcha
  8560 | D:9      | Killed Erolcha
  8562 | D:9      | Noticed Harold
  8564 | D:9      | Reached XP level 11. HP: 67/76 MP: 3/22
  8670 | D:9      | Killed Harold
  8671 | D:9      | Reached skill level 5 in Transmutations
  8714 | D:9      | Noticed a two-headed ogre
  8720 | D:9      | Killed a two-headed ogre
  8877 | D:9      | Identified the +7 sling of the Hurling Visionary
                  | {antimagic, rC+ Dex+3}
  8890 | D:9      | Noticed a centaur warrior
  8892 | D:9      | Noticed Mercurial's ghost (novice GrGl)
  8895 | D:9      | Identified the +6 chain mail "Firada" {-Tele Harm Drain
                  | rElec}
  8898 | D:9      | Found a transporter.
  8907 | D:9      | Found a transporter.
  9186 | Lair:1   | Entered Level 1 of the Lair of Beasts
  9369 | Lair:1   | Reached skill level 8 in Spellcasting
  9470 | Lair:1   | Reached skill level 5 in Necromancy
  9621 | Lair:1   | Reached ****** piety under Cheibriados
 10151 | Lair:1   | Learned a level 5 spell: Agony
 11177 | Lair:2   | Reached XP level 12. HP: 85/85 MP: 21/24
 11339 | Lair:3   | Noticed a catoblepas
 11354 | Lair:3   | Killed a catoblepas
 11355 | Lair:3   | Reached skill level 5 in Fighting
 11355 | Lair:3   | Reached skill level 5 in Stealth
 11709 | Lair:3   | Reached skill level 5 in Invocations
 11762 | Lair:3   | Found a hole to the Spider Nest.
 11767 | Lair:3   | Reached skill level 9 in Spellcasting
 11884 | Lair:3   | Noticed a boulder beetle
 11992 | Lair:3   | Killed a boulder beetle
 12284 | Lair:3   | Reached skill level 5 in Staves
 12880 | Lair:3   | Found a staircase to the Swamp.
 13013 | Lair:3   | Noticed a five-headed hydra
 13020 | Lair:3   | Killed a five-headed hydra
 13766 | Lair:4   | Found a burning altar of Makhleb.
 13820 | Lair:4   | Learned a level 4 spell: Animate Armour
 13841 | Lair:4   | Reached XP level 13. HP: 84/93 MP: 14/26
 14027 | Lair:5   | Entered Level 5 of the Lair of Beasts
 14313 | Lair:5   | Reached skill level 1 in Evocations
 14495 | Lair:5   | Reached skill level 10 in Spellcasting
 15514 | Lair:5   | Identified the +1 ring mail "Xapiol" {rElec}
 15776 | Lair:5   | Found a staircase to the Slime Pits.
 15856 | Lair:5   | Identified the +9 trident of Courage {flame, rPois Str-5
                  | Int+3}
 15980 | D:10     | Entered Level 10 of the Dungeon
 16079 | D:10     | Found a stormy altar of Qazlal.
 16735 | D:10     | Found an ancient bone altar of Kikubaaqudgha.
 16785 | D:10     | Noticed Snorg
 16793 | D:10     | Killed Snorg
 16918 | D:10     | Found Ypoarpham's Magic Scroll Shoppe.
 16923 | D:10     | Bought 3 scrolls of enchant armour for 247 gold pieces
 17373 | D:11     | Learned a level 5 spell: Lee's Rapid Deconstruction
 17708 | D:11     | Found a staircase to the Orcish Mines.
 18239 | Orc:1    | Entered Level 1 of the Orcish Mines
 19170 | Orc:1    | Reached XP level 14. HP: 80/101 MP: 25/28
 19326 | Orc:2    | Entered Level 2 of the Orcish Mines
 19792 | Orc:2    | Found Daebues's Antique Weapon Shoppe.
 19855 | Orc:2    | Found a staircase to the Elven Halls.
 20087 | Orc:2    | Found Vesmoenu's Jewellery Shop.
 20092 | Orc:2    | Bought a +6 ring of intelligence for 612 gold pieces
 20092 | Orc:2    | Bought an amulet of magic regeneration for 510 gold pieces
 20353 | Orc:2    | Noticed an orc warlord
 20364 | Orc:2    | Killed an orc warlord
 20365 | Orc:2    | Reached skill level 11 in Spellcasting
 20449 | Orc:2    | Found Bujoqonki's Antique Weapon Emporium.
 20452 | Orc:2    | Found Taruwopti's Antique Armour Shoppe.
 20623 | Orc:2    | Bought a glowing helmet for 180 gold pieces
 20949 | D:12     | Noticed Josephine
 20952 | D:12     | Killed Josephine
 21095 | D:12     | Noticed Nessos
 21110 | D:12     | Killed Nessos
 21284 | D:12     | Noticed Rupert
 21289 | D:12     | Killed Rupert
 21540 | D:12     | Noticed Kirke
 21548 | D:12     | Killed Kirke
 21574 | D:12     | Noticed Maurice
 21586 | D:12     | Killed Maurice
 21795 | D:12     | Noticed Jorgrun
 21811 | D:12     | Killed Jorgrun
 22168 | Spider:1 | Entered Level 1 of the Spider Nest
 22215 | Spider:1 | Noticed Asterion
 22226 | Spider:1 | Noticed an Executioner
 22229 | Spider:1 | Killed Asterion
 22230 | Spider:1 | Noticed a ghost moth
 22239 | Spider:1 | Killed a ghost moth
 22254 | Spider:1 | Slain by a tarantella

Illustrated notes

Levels and vault maps discovered:
D:1:      erik_arrival_blinker_ship, layout_basic
D:2:      layout_basic, shapermc_ecumenical_altar_venn, minmay_cupped
D:3:      layout_rooms, chequers_temple_overflow_statue_of_worship,
          gup_sewer_entry_spiral
D:4:      layout_loops_ring, minmay_misc_feat_diagonals, corexii_checkpoint_a
D:5:      kennysheep_six_static_rooms, layout_basic
D:6:      layout_loops_corners
D:7:      layout_cave_pools, minmay_temple_entry_overgrown,
          columned_hall_lemuel, minmay_hedge_maze
D:8:      layout_gridville, minmay_lair_entry_grove
D:9:      layout_rooms, gammafunk_ghost_arena, chequers_mini_garden,
          uniq_erolcha, uniq_harold
D:10:     layout_stronghold, grunt_qazlal_sundering, tgw_kikubaaqudgha,
          serial_shops, nicolae_shop_pleasant_corner_grove,
          hangedman_decor_growths, solitary_fountain, uniq_snorg
D:11:     layout_irregular_city, david_orc_1_choice
D:12:     layout_gridville, minmay_misc_feat_chi,
          minmay_misc_feat_secret_circle, uniq_nessos, uniq_kirke,
          uniq_josephine, uniq_maurice, uniq_rupert, uniq_jorgrun
Temple:   sentei_temple_godly_chess
Lair:1:   layout_chaotic_city
Lair:2:   layout_hall_layers
Lair:3:   layout_regular_city, swamp_mist, spider_nest_entry_a,
          gauntlet_entry_generic, grunt_megastairs_1
Lair:4:   layout_long_grid, basic_altar
Lair:5:   gammafunk_lair_ancient_temple, layout_gridlike, slime_entry_1
Spider:1: layout_chambers, nicolae_spider_wall_of_niches, uniq_asterion
Orc:1:    layout_caves, statue_in_the_mist_lemuel
Orc:2:    grunt_orc_community_town_hall, layout_caves,
          grunt_orc_community_big_house_2, grunt_orc_community_big_house_2,
          grunt_orc_community_house_1, grunt_orc_community_house_2,
          grunt_orc_community_house_2, grunt_orc_community_house_2

Skill      XL: |  1  2  3  4  5  6  7  8  9 10 11 12 13 14 |
---------------+-------------------------------------------+-----
Spellcasting   | 3 4 5 6 7 8 9 10 11 | 11.4
Earth Magic    | 4 5 6 7 8 9 |  9.6
Conjurations   | 1 2 3 4 5 6 |  6.1
Necromancy     | 2 3 4 5 6 7 8 |  8.6
Fighting       | 1 3 4 5 6 7 |  7.2
Staves         | 1 2 3 4 5 6 |  6.7
Invocations    | 1 2 3 4 5 6 7 |  7.2
Transmutations | 2 3 4 6 7 8 |  8.8
Dodging        | 3 4 5 6 7 8 9 |  9.0
Stealth        | 4 7 |  7.0
Evocations     | 3 4 |  4.1

Action                     |  1- 3 |  4- 6 |  7- 9 | 10-12 | 13-15 || total
---------------------------+-------+-------+-------+-------+-------++-------
  Melee: Unarmed           |     4 |       |       |       |       ||     4
         Bite              |     1 |     1 |    19 |    16 |     5 ||    42
         Spear             |       |     7 |       |       |       ||     7
         Staff             |       |       |    80 |   117 |    78 ||   275
         Punch             |       |       |     3 |     4 |     3 ||    10
   Cast: Sandblast         |    50 |   139 |   135 |   248 |   286 ||   858
         Stone Arrow       |       |       |     6 |    10 |    16 ||    32
         Borgnjor's Vile C |       |       |       |    56 |   104 ||   160
         Vampiric Draining |       |       |       |    15 |     4 ||    19
         Passwall          |       |       |       |     3 |     7 ||    10
         Agony             |       |       |       |     3 |     3 ||     6
         Lee's Rapid Decon |       |       |       |       |    22 ||    22
         Animate Armour    |       |       |       |       |     1 ||     1
 Invoke: Slouch            |       |       |       |       |     2 ||     2
Ability: Exsanguinate      |       |       |       |       |     1 ||     1
  Evoke: Tin of tremorston |       |       |       |     2 |     3 ||     5
         Phial of floods   |       |       |       |     1 |       ||     1
         Wand              |       |       |       |     1 |     6 ||     7
    Use: Scroll            |       |    12 |     8 |     7 |     6 ||    33
         Potion            |       |       |     2 |     7 |     5 ||    14
   Stab: Paralysed         |       |       |       |       |     2 ||     2
 Armour: Robe              |     3 |    15 |    21 |     9 |       ||    48
         Steam dragon scal |       |       |       |    71 |    55 ||   126
         Skin              |       |       |       |       |    26 ||    26
  Dodge: Dodged            |    11 |    36 |    92 |   325 |   323 ||   787

Table legend: (Time is in decaauts)
 A = Elapsed time spent in this place.
 B = Non-inter-level travel time spent in this place.
 C = Inter-level travel time spent in this place.
 D = Time resting spent in this place.
 E = Time spent auto-exploring this place.
 F = Levels seen in this place.
 G = Mean time per level.
                   A        B        C        D        E       F      G
               +--------+--------+--------+--------+--------+-----+--------+
         Total |  32289 |  29931 |   2358 |   8239 |   1475 |  22 | 1467.7 |
       Dungeon |  17332 |  15640 |   1692 |   3616 |    611 |  12 | 1444.3 |
        Temple |     12 |     12 |      0 |      0 |      0 |   1 |   12.0 |
          Lair |  10041 |   9590 |    451 |   3142 |    688 |   5 | 2008.2 |
   Spider Nest |    106 |    106 |      0 |     23 |      0 |   1 |  106.0 |
  Orcish Mines |   3633 |   3419 |    214 |   1043 |    175 |   2 | 1816.5 |
         Sewer |   1163 |   1163 |      0 |    414 |      0 |   1 | 1163.0 |
               +--------+--------+--------+--------+--------+-----+--------+

Top non-repeatable levels by time:
  Lair:3: 3039 daAuts
  Lair:5: 2527 daAuts
  Lair:1: 2300 daAuts
     D:8: 2157 daAuts
   Orc:2: 2073 daAuts
    D:12: 1997 daAuts
    D:11: 1820 daAuts
    D:10: 1647 daAuts
     D:5: 1607 daAuts
     D:6: 1574 daAuts
   Orc:1: 1559 daAuts
     D:7: 1490 daAuts
     D:9: 1271 daAuts
     D:4: 1186 daAuts
   Sewer: 1163 daAuts
